Map: Disco Bloodbath LE

Players

delcrimen - Winner!

  • Race: Terran Terran
  • League: Diamond
  • Spawn Location: 3:00

Mez

  • Race: Zerg Zerg
  • League: Master
  • Spawn Location: 9:00

VOD

Have the link to the VOD?

Description

Time

  • Played on: Aug. 23, 2019, 8:53 p.m.
  • Length: 7:34
Show
View Real Time Build Order
Export as new Build Order

delcrimen Terran - Winner!

Build Orders: Reaper Expand 

Get SALT Encoding   

  12  0:01  SCV  
  13  0:13  SCV  
  14  0:17  Supply Depot  
  14  0:25  SCV  
  15  0:39  SCV  
  15  0:40  Barracks  
  16  0:44  Refinery  
  16  0:51  SCV  
  17  1:03  SCV  
  18  1:15  SCV  
  19  1:27  Orbital Command  
  19  1:30  Reaper  
  20  1:40  Command Center  
  20  1:51  Barracks  
  20  1:53  SCV  
  21  2:02  Supply Depot  
  21  2:03  Barracks Reactor  
  21  2:07  SCV  
  22  2:11  Refinery  
  22  2:19  SCV  
  23  2:26  Factory  
  23  2:31  SCV  
  24  2:40  Marine  
  24  2:41  Marine  
  24  2:42  Barracks Tech Lab  
  26  2:48  Bunker  
  26  2:49  SCV  
  27  3:01  SCV  
  27  3:02  Marine  
  27  3:03  Marine x2, Stimpack  
  31  3:13  SCV  
  31  3:14  Starport  
  32  3:21  Marine  
  32  3:22  Marine x2  
  32  3:26  Factory Reactor  
  35  3:31  Orbital Command  
  35  3:33  SCV  
  36  3:44  Marine x3  
  39  3:54  Barracks  
  39  3:57  SCV x2  
  41  4:09  Factory Tech Lab, SCV, Medivac x2  
  46  4:36  Supply Depot  
  46  4:37  Supply Depot  
  46  4:46  Supply Depot  
  46  4:58  Marine x5, SCV x2  
  46  4:59  Siege Tank  
  55  5:10  SCV, Combat Shield  
  56  5:15  Supply Depot  
  56  5:16  Marine x5, Supply Depot  
  56  5:17  SCV, Refinery  
  59  5:22  SCV  
  60  5:29  SCV  
  60  5:33  Marine x3  
  60  5:35  Marine x2  
  64  5:36  Medivac  
  64  5:37  Siege Tank  
  64  5:39  SCV  
  64  5:41  SCV  
  70  5:51  Marine x3  
  70  5:53  Marine  
  72  6:00  Marine  
  72  6:03  SCV x2  
  75  6:06  Medivac  
  75  6:07  Supply Depot  
  75  6:09  Marine x3  
  75  6:10  Marine  
  81  6:15  SCV x2  
  81  6:17  Siege Tank  
  86  6:28  Marine x4, SCV, Supply Depot  
  86  6:29  Marauder  
  93  6:34  Supply Depot  
  93  6:40  Command Center, Refinery  
  93  6:46  Marine  
  94  6:50  Marine x3, Marauder  
  97  7:11  Marine x4  
  97  7:12  Marauder  
Show
View Real Time Build Order
Export as new Build Order

Mez Zerg 

Build Orders: Hatch First 

Get SALT Encoding   

  12  0:01  Drone  
  13  0:08  Drone  
  14  0:17  Overlord  
  14  0:27  Extractor  
  14  0:28  Drone  
  15  0:39  Drone x2  
  17  0:50  Drone  
  18  1:00  Hatchery  
  18  1:01  Drone  
  18  1:02  Extractor  
  17  1:10  Drone  
  18  1:20  Spawning Pool  
  18  1:22  Drone  
  18  1:32  Drone  
  19  1:43  Overlord  
  19  2:08  Queen  
  19  2:09  Zergling x4  
  19  2:11  Queen  
  19  2:14  Drone  
  19  2:15  Drone  
  27  2:27  Hatchery  
  26  2:35  Drone x3  
  29  2:38  Drone  
  29  2:42  Metabolic Boost  
  30  2:57  Queen  
  32  3:04  Overlord  
  32  3:05  Drone x4  
  36  3:22  Queen  
  36  3:23  Drone x5  
  43  3:34  Overlord  
  43  3:35  Overlord  
  43  3:51  Zergling x4  
  43  3:52  Zergling x4  
  43  3:55  Zergling x2  
  48  4:05  Drone x9  
  48  4:08  Spore Crawler  
  56  4:10  Spore Crawler  
  55  4:31  Spore Crawler  
  54  4:34  Drone  
  54  4:35  Drone x11  
  66  4:40  Overlord x2  
  66  5:09  Zergling x16  
  74  5:21  Zergling x10  
  72  5:28  Baneling Nest  
  74  5:44  Overlord x2  
  74  5:45  Overlord x3  
  72  5:51  Queen  
  73  6:02  Queen  
  74  6:05  Baneling Nest, Lair  
  71  6:35  Hatchery  
  71  6:38  Extractor  
  69  6:42  Extractor  
  69  6:44  Extractor  
  67  6:52  Zergling x42  
  53  7:33  Hatchery  
Tags
 
Add a new tag
Caveats
  • Supply blocks, unpowered buildings, or Contaminate may cause inaccurate times.
  • Supply counts are checked every 10 seconds.